 Dungeon Sprint DCSS version 0.19-a0-1498-g0b85ae9 (webtiles) character file.

763 poirepourri the Unseen (level 7, -6/32 HPs)
             Began as a Spriggan Enchanter on Sept 10, 2016.
             Killed from afar by Roxanne (38 damage)
             ... with an orb of energy
             ... in the Dungeon (Sprint II: "The Violet Keep of Menkaure").
             The game lasted 00:02:03 (670 turns).

poirepourri the Unseen (Spriggan Enchanter)          Turns: 670, Time: 00:02:04

Health: -6/32      AC:  3    Str:  4    XL:     7   Next: 51%
Magic:  20/20      EV: 23    Int: 16    God:
Gold:   972        SH:  0    Dex: 19    Spells: 5 memorised, 11 levels left

rFire  . . .     SeeInvis +     a - +1 dagger
rCold  . . .     Gourm    .     b - +1 robe
rNeg   . . .     Faith    .     (shield restricted)
rPois  .         Spirit   .     (helmet restricted)
rElec  .         Dismiss  .     (no cloak)
rCorr  .         Reflect  .     (gloves unavailable)
MR     +....     Harm     .     (boots unavailable)
Stlth  ++++...... NoTele   +    (no amulet)
                                (no ring)
                                (no ring)

@: very quick
A: unfitting armour, see invisible, herbivore 3, speed 3, slow metabolism 2
a: no special abilities


You were in the Dungeon.
You were not hungry.

You visited 1 branch You collected 972 gold pieces.

Inventory:

Hand Weapons
 a - a +1 dagger (weapon)
Armour
 b - a +1 robe (worn)
Potions
 e - a potion of curing
 f - a potion of heal wounds
 g - a potion of haste
 h - 2 potions of magic
Books
 c - a book of Maledictions

   Spells                             Type                      Level
   a - Corona                         Hexes                        1
   b - Ensorcelled Hibernation        Hexes/Ice                    2
   c - Confuse                        Hexes                        3
   d - Tukima's Dance                 Hexes                        3
   e - Dazzling Spray                 Conjuration/Hexes            3
Comestibles
 d - a bread ration


   Skills:
 + Level 2.5 Short Blades
 + Level 6.8 Dodging
 + Level 15.3 Stealth
 + Level 8.7 Spellcasting
 + Level 11.8 Hexes
 - Level 2.2 Ice Magic


You had 11 spell levels left.
You knew the following spells:

 Your Spells              Type           Power        Failure   Level  Hunger
a - Corona                Hex            #####..      1%          1    None
b - Ensorcelled Hibernat  Hex/Ice        ####..       1%          2    None
c - Confuse               Hex            #####...     1%          3    #......
d - Tukima's Dance        Hex            #####...     1%          3    #......
e - Dazzling Spray        Conj/Hex       ####..       2%          3    #......


Dungeon Overview and Level Annotations

Branches:
Dungeon (1/1)

Altars:

Shops:
D !=:!=[(!:((?}=[%

Annotations:
D exclusion: oklob plant, Roxanne


Innate Abilities, Weirdness & Mutations

You are tiny and cannot use many weapons and most armour.
You have supernaturally acute eyesight. (SInv)
You are a herbivore.
You cover ground extremely quickly.
You need consume almost no food.


Message History

There is a staircase leading out of the dungeon here.
There is an open door here.
Really walk into a travel-excluded area?
Okay, then.
Really walk into a travel-excluded area?
There is an open door here.
You open the gate.
Casting: Ensorcelled Hibernation
Confirm with . or Enter, or press ? or * to list all spells.
You can't see any susceptible monsters within range! (Use Z to cast anyway.) Unknown command.
There is an open gate here.
You enter the shallow water.
Moving in this stuff is going to be slow.
You hit Roxanne.
Roxanne is lightly damaged.
Roxanne mumbles some strange words.
The orb of energy hits you!
Ouch! That really hurt!
You die...

####+#### ##§§§≈§§≈##
##≈§§§.§§.§##
+≈.§§§8@§§§≈#
##..§§§≈§§≈##
≈##≈§§§≈≈≈##
#########≈≈#+++#'''##
########≈≈≈.........#
.......#≈≈≈≈.##'##..#
∩.....∩#≈≈≈≈##.#.##.####
.∩...∩.#≈≈≈≈#..##.#....#
∩.∩.∩.∩#≈≈####..#####..##


You could see Roxanne.

Vanquished Creatures
  A siren (D)
  2 hippogriffs (D)
  A crocodile (D)
  4 worker ants (D)
  3 worms (D)
11 creatures vanquished.

Vanquished Creatures (others)
  Menkaure (D)
  A crocodile (D)
2 creatures vanquished.

Grand Total: 13 creatures vanquished

Notes
Turn   | Place    | Note
-------+----------+-------------------------------------------
     0 | D        | poirepourri the Spriggan Enchanter began the quest for the Orb.
     0 | D        | Reached XP level 1. HP: 9/9 MP: 5/5
     1 | D        | Noticed a worker ant
     1 | D        | Noticed a worker ant
     1 | D        | Noticed a worker ant
     1 | D        | Noticed a worker ant
     4 | D        | Killed a worker ant
     4 | D        | Reached skill level 6 in Stealth
     4 | D        | Reached skill level 5 in Hexes
     4 | D        | Reached XP level 2. HP: 13/13 MP: 5/7
     5 | D        | Reached skill level 7 in Stealth
     5 | D        | Reached XP level 3. HP: 16/16 MP: 5/9
    43 | D        | Reached skill level 8 in Stealth
    43 | D        | Reached XP level 4. HP: 21/21 MP: 9/11
    50 | D        | Reached skill level 9 in Stealth
    79 | D        | Killed a crocodile
    88 | D        | Learned a level 2 spell: Ensorcelled Hibernation
    90 | D        | Killed Menkaure
    94 | D        | Learned a level 3 spell: Confuse
    98 | D        | Learned a level 3 spell: Tukima's Dance
   102 | D        | Learned a level 3 spell: Dazzling Spray
   102 | D        | Found Etag's Magic Scroll Shop.
   102 | D        | Found Vaokics's Jewellery Shop.
   102 | D        | Found Maiv's Antique Weapon Boutique.
   102 | D        | Found Fyrid's Food Shop.
   102 | D        | Found Pigad's Weapon Boutique.
   102 | D        | Found Jirud's Gadget Boutique.
   103 | D        | Found Ytosuox's Book Boutique.
   103 | D        | Found Olod's Distillery.
   103 | D        | Found Vegaizae's Antique Armour Boutique.
   104 | D        | Found Oxokkuta's Weapon Shop.
   104 | D        | Found Ynelesinif's Antique Armour Boutique.
   104 | D        | Noticed a yak
   105 | D        | Noticed a yak
   106 | D        | Found Uqon's Jewellery Boutique.
   106 | D        | Found Sutuada's Distillery.
   106 | D        | Noticed a crocodile
   106 | D        | Noticed an oklob plant
   106 | D        | Noticed a slime creature
   107 | D        | Found Kiogussu's Jewellery Shop.
   107 | D        | Found Nuango's Book Shoppe.
   107 | D        | Found Uschao's Distillery.
   107 | D        | Noticed a yak
   108 | D        | Noticed a slime creature
   108 | D        | Noticed a slime creature
   116 | D        | Noticed a polar bear
   120 | D        | Killed a crocodile
   120 | D        | Reached skill level 5 in Dodging
   120 | D        | Reached skill level 10 in Stealth
   120 | D        | Reached skill level 5 in Spellcasting
   120 | D        | Reached XP level 5. HP: 8/24 MP: 3/14
   342 | D        | Noticed Roxanne
   357 | D        | Noticed a hippogriff
   360 | D        | Noticed a hippogriff
   361 | D        | Killed a hippogriff
   361 | D        | Reached skill level 12 in Stealth
   361 | D        | Reached XP level 6. HP: 28/28 MP: 13/17
   363 | D        | Killed a hippogriff
   363 | D        | Reached skill level 13 in Stealth
   363 | D        | Reached skill level 10 in Hexes
   363 | D        | Reached skill level 1 in Ice Magic
   392 | D        | Noticed a siren
   400 | D        | Killed a siren
   400 | D        | Reached skill level 15 in Stealth
   400 | D        | Reached XP level 7. HP: 32/32 MP: 5/20
   670 | D        | Killed from afar by Roxanne

Vault maps used:
D:        the_violet_keep_of_menkaure

Skill      XL: |  1  2  3  4  5  6 |
---------------+-------------------+-----
Stealth        | 6 7 8 10 12 15 | 15.3
Spellcasting   | 3 4 5 7 8 |  8.7
Hexes          | 5 6 8 9 11 | 11.8
Dodging        | 4 5 6 |  6.8
Short Blades   | 2 |  2.5
Ice Magic      | 2 |  2.2

Action                   |  1- 3 |  4- 6 |  7- 9 || total
-------------------------+-------+-------+-------++-------
Melee: Dagger            |     3 |    10 |     1 ||    14
 Cast: Ensorcelled Hiber |       |    10 |       ||    10
       Corona            |       |     1 |       ||     1
  Use: Potion            |       |     1 |       ||     1
       Scroll            |       |       |     1 ||     1
 Stab: Sleeping          |     3 |     7 |       ||    10
Dodge: Dodged            |       |     2 |       ||     2
